 Dungeon Crawl Stone Soup version 0.30.0-5-g1a98f26d00 (webtiles) character file.

Game seed: 4042338373294776755

18 CaptainMV the Slasher (level 2, 0/23 HPs)
             Began as a Draconian Wanderer on May 11, 2023.
             Succumbed to an adder's poison
             ... on level 2 of the Dungeon.
             The game lasted 00:04:27 (362 turns).

CaptainMV the Slasher (Draconian Wanderer)           Turns: 362, Time: 00:04:28

Health: 0/23       AC:  5    Str: 18    XL:     2   Next: 51%
Magic:  3/3        EV: 11    Int: 11    God:
Gold:   53         SH:  0    Dex:  7    Spells: 3/3 levels left

rFire   . . .        a - +2 falchion
rCold   . . .        (no shield)
rNeg    . . .        (body armour unavailable)
rPois   .            (helmet restricted)
rElec   .            g - +0 cloak
rCorr   .            (no gloves)
SInv    .            (no boots)
Will    .....        (no amulet)
Stlth   +            (no ring)
HPRegen 0.23/turn    (no ring)
MPRegen 0.08/turn

%: no passive effects
@: lethally poisoned (0 -> -3)
A: AC +4, unfitting armour, cold-blooded
a: no special abilities


You were on level 2 of the Dungeon.
You visited 1 branch of the dungeon, and saw 2 of its levels.

You collected 53 gold pieces.

Inventory:

Hand Weapons
 a - a +2 falchion (weapon)
 b - a +0 spear
Armour
 g - a +0 cloak (worn)
Scrolls
 d - a scroll of vulnerability
 e - 2 scrolls of teleportation {unknown}
 f - a scroll of immolation {unknown}
Potions
 h - a potion of invisibility {unknown}
Miscellaneous
 c - a piece from Xom's chessboard (13/15) (quivered)


   Skills:
 + Level 1.1 Fighting
 + Level 3.6 Long Blades
 + Level 2.1 Polearms
 + Level 1.1 Dodging
 + Level 1.0 Spellcasting
 + Level 2.1 Evocations


You had 3 spell levels left.
You didn't know any spells.
Your spell library contained the following spells:

 Spells                   Type           Power      Damage    Failure   Level
 Ensorcelled Hibernation  Hex/Ice        0%         N/A       43%         2
 Passwall                 Tmut/Erth      0%         N/A       43%         2
 Swiftness                Air            0%         N/A       67%         3


Dungeon Overview and Level Annotations

Branches:
Dungeon (1/15)

Altars:


Innate Abilities, Weirdness & Mutations

Your plain brown scales are hard. (AC +4)
You cannot fit into any form of body armour.
You are cold-blooded and may be slowed by cold attacks.


Message History

Found a scroll labelled BUROCA TACO.
An adder comes into view.
The adder hisses angrily.
Okay, then.
Non-targeted evoke: piece from Xom's chessboard (14/15)
Press: ? - help, Q - select action Dir - look around, f - activate Look: an adder You make a move on Xom's chessboard...
The adder flickers and vanishes!
Deactivating autopickup; reactivate with Ctrl-A.
Something bites you but does no damage.
You closely miss something. Something bites you but does no damage.
Something bites you.
You closely miss something.
Your tail-slap misses something.
Something bites you but does no damage.
You hit something.
Your tail-slap misses something.
Something bites you but does no damage. Something bites you.
You miss something.
Your tail-slap misses something.
Something bites you but does no damage.
You completely miss something.
Something bites you but does no damage. x2
You closely miss something. Something bites you but does no damage.
You barely miss something. Something bites you.
Something bites you but does no damage.
You completely miss something. Something bites you.
You miss something.
Your tail-slap misses something.
Something bites you. Something bites you but does no damage.
You barely miss something. Something bites you.
You are poisoned.
Something poisons you!
You barely miss something.
Your tail-slap misses something.
You feel sick. Something bites you.
* * * LOW HITPOINT WARNING * * *
You miss something.
You feel sick. Something bites you.
* * * LOW HITPOINT WARNING * * *
You are lethally poisoned!
Something poisons you! Something bites you but does no damage.
You completely miss something.
* * * LOW HITPOINT WARNING * * *
You feel sick. Something bites you but does no damage.
You barely miss something.
Your tail-slap misses something.
You die...

#.####
#....#
####.####.#
#......#
#.######
#### #.#
##...##.#
#.....#.#
#?...{@.#
#.....#.#
##...##.#
##.# #.#
... ... ###
..# .## .#


There were no monsters in sight!

Vanquished Creatures
  An endoplasm (D:1)
  A hobgoblin (D:1)
  4 jackals (D:1)
  2 kobolds (D:1)
  2 quokkas (D:1)
  3 bats (D:1)
  A frilled lizard (D:1)
  2 rats (D:1)
16 creatures vanquished.

Notes
Turn   | Place    | Note
-------+----------+-------------------------------------------
     0 | D:1      | CaptainMV the Draconian Wanderer began the quest for the
                  | Orb.
     0 | D:1      | CaptainMV set off with the following items: a +2 falchion,
                  | a +0 spear, a piece from Xom's chessboard (15/15), a scroll
                  | of vulnerability.
     0 | D:1      | Reached XP level 1. HP: 16/16 MP: 2/2
   177 | D:1      | Reached XP level 2. HP: 23/23 MP: 3/3
   305 | D:1      | Found a faded altar of an unknown god.
   330 | D:1      | You fall into a shaft and drop 1 floor!
   361 | D:2      | HP: 1/23 [poisoned by an adder]
   362 | D:2      | Succumbed to an adder's poison

Illustrated notes

Levels and vault maps discovered:
D:1:      roderic_dead_forest, layout_basic,
          hellmonk_ecumenical_altar_dog_temple, minmay_tetromino_o2
D:2:      layout_loops_ring, serial_shops, nicolae_shop_rolling_square,
          kennysheep_big_empty_room

Action                     || total
---------------------------++-------
  Melee: Falchion          ||    71
         Tailslap          ||     2
  Evoke: Piece from Xom's  ||     2
 Armour: Skin              ||    52
  Dodge: Dodged            ||    59
